 Dungeon Crawl Stone Soup version 0.29-a0-334-gb41bcbb86e (webtiles) character file.

Game seed: 10532045244604501396

37 zeratav the Insei (level 3, -3/23 HPs)
             Began as an Octopode Transmuter on Apr 14, 2022.
             Killed from afar by Natasha (8 damage)
             ... with a magic dart
             ... on level 2 of the Dungeon.
             The game lasted 00:01:43 (979 turns).

zeratav the Insei (Octopode Transmuter)              Turns: 979, Time: 00:01:43

Health: -3/23      AC:  5    Str:  9    XL:     3   Next: 41%
Magic:  5/6        EV: 13    Int: 15    God:
Gold:   52         SH:  0    Dex: 14    Spells: 5/6 levels left

rFire   . . .      SeeInvis .     - Unarmed
rCold   . . .      Faith    .   (no shield)
rNeg    . . .      Spirit   .   (helmet restricted)
rPois   .          Reflect  .   (no amulet)
rElec   .          Harm     .   c - +4 ring of protection
rCorr   .          Rampage  .   (no ring)
Will    .....                   (no ring)
Stlth   +++.......              (no ring)
HPRegen 0.07/turn               (no ring)
MPRegen 0.10/turn               (no ring)
                                (no ring)
                                (no ring)

@: lethally poisoned (-3 -> -5)
A: almost no armour, amphibious, 8 rings, camouflage 1, gelatinous body 1,
(nimble swimmer 1), tentacles
a: no special abilities


You were on level 2 of the Dungeon.
You visited 1 branch of the dungeon, and saw 4 of its levels.

You collected 52 gold pieces.


Innate Abilities, Weirdness & Mutations

You cannot wear most types of armour.
You are amphibious.
You can wear up to eight rings at the same time.
Your skin changes colour to match your surroundings (Stealth+).
Your rubbery body absorbs attacks. (AC +1, EV +1)
((You are camouflaged when in or above water. (Stealth+)))
You have tentacles for arms and can constrict up to eight enemies at once.


   Skills:
 + Level 1.6 Fighting
 + Level 2.3 Dodging
 + Level 1.7 Stealth
 * Level 3.6 Unarmed Combat
 - Level 2.0 Spellcasting
 - Level 2.0 Transmutations


You had 5 spell levels left.
You knew the following spells:

 Your Spells              Type           Power      Damage    Failure   Level
a - Beastly Appendage     Tmut           14%        N/A       10%         1

Your spell library contained the following spells:

 Spells                   Type           Power      Damage    Failure   Level
 Wereblood                Tmut           7%         N/A       14%         2
 Spider Form              Tmut/Pois      4%         N/A       41%         3
 Ice Form                 Ice/Tmut       4%         N/A       82%         4

Inventory:

Jewellery
 c - a +4 ring of protection (left tentacle)
   (You found it on level 1 of the Dungeon)
Scrolls
 b - a scroll of magic mapping {unknown}
 e - a scroll of enchant armour {unknown}
 f - a scroll of blinking {unknown}
 g - 2 scrolls of teleportation {unknown}
Potions
 a - a potion of lignification {!q}
 d - 2 potions of mutation {unknown}

Dungeon Overview and Level Annotations

Branches:
Dungeon (4/15)
 Temple: D:4-7

Altars:
Qazlal

Shops:
D:1 [

Annotations:
D:2 Natasha

.. #. #.# ##.# #.#
#. ##...# #.###...
##..[..####.....
#.......##....
..[.........#
#.......##..#
......S@h5..#
###...###......K...
##. #....?##...# #
#.......# ##
##.....## .#..<##
#.##.## #. #.#


You could see Natasha, a white imp (summoned) and a ball python.


Message History

Casting: Beastly Appendage (safe; 10% risk of failure)
Confirm with . or Enter, or press ? or * to list all spells.
One of your tentacles grows a vicious spike.
MP[-1]
You lost 1 mp, and now have 5/6 mp.
You tentacle-slap the goblin. You grab the goblin. You constrict the goblin.
The goblin hits you with a +0 club.
HP[-2]
You take 2 damage, and now have 21/23 hp.
You barely miss the goblin. You constrict the goblin.
You kill the goblin!
Your transformation is almost over.
HP[+1]
g - 2 scrolls labelled JUEW OFOAM LOSOS (gained 1) MP[+1]
Your mp is fully restored (6).
There is an escape hatch in the ceiling here.
Your tentacle spike disappears.
A mysterious force pulls you upwards. The hatch slams shut behind you.
Found a scroll labelled UNAREU YTEDARCH.
Found a stone staircase leading up.
Casting: Beastly Appendage (safe; 10% risk of failure)
Confirm with . or Enter, or press ? or * to list all spells.
You miscast Beastly Appendage.
You are very lightly contaminated with residual magic.
Nothing appears to happen.
MP[-1]
You lost 1 mp, and now have 5/6 mp.
Casting: Beastly Appendage (safe; 10% risk of failure)
Confirm with . or Enter, or press ? or * to list all spells.
One of your tentacles grows a vicious spike.
The rat bites you but does no damage.
MP[-1]
You lost 1 mp, and now have 4/6 mp.
You tentacle-slap the rat. Your grab misses the rat.
You pierce the rat.
You kill the rat!
Natasha, Servant of Life and Death comes into view.
Your transformation is almost over.
Natasha hisses angrily.
The bat barely misses you.
An adder comes into view.
HP[+1]
Your hp is fully restored (23).
You tentacle-slap the bat but do no damage.
You grab the bat. Your squeeze misses the bat. You constrict the bat.
The bat barely misses you.
The bat struggles to escape constriction.
The bat closely misses you.
You tentacle-slap the bat.
You kill the bat!
Your magical contamination has completely faded away.
Natasha stares at you and mumbles some strange words.
The magic dart hits you!
HP[-11]
You take 11 damage, and now have 12/23 hp.
MASSIVE DAMAGE!! (PAUSE) MP[+1]
A ball python comes into view.
You see here a rat corpse.
You barely miss the adder. You grab the adder.
Your tentacle spike misses the adder.
You constrict the adder. The adder barely misses you.
Natasha casts a spell.
You tentacle-slap the adder.
You squeeze the adder, but do no damage.
You constrict the adder. The adder bites you.
* * * LOW HITPOINT WARNING * * *
You are poisoned.
The adder poisons you!
HP[-2]
You take 2 damage, and now have 10/23 hp.
You tentacle-slap the adder.
Your tentacle spike misses the adder.
Your tentacle spike disappears.
You constrict the adder.
You feel sick. The adder barely misses you.
Natasha hisses.
HP[-2]
You take 2 damage, and now have 8/23 hp.
You tentacle-slap the adder.
You kill the adder!
You feel sick.
The white imp shouts, "Surrender, thou unhinged hedge-born foot-licker!"
HP[-1]
You take 1 damage, and now have 7/23 hp.
You tentacle-slap Natasha but do no damage.
You grab Natasha.
You constrict Natasha, but do no damage.
You feel sick. Natasha barely misses you.
HP[-1]
You take 1 damage, and now have 6/23 hp.
You tentacle-slap Natasha but do no damage.
You constrict Natasha.
You feel sick. Natasha casts a spell at you. The magic dart hits you!
You die...

Skill      XL: |  1  2 |
---------------+-------+-----
Stealth        | 1 |  1.7
Fighting       | |  1.6
Dodging        | |  2.3
Unarmed Combat | |  3.6
Spellcasting   | |  2.0
Transmutations | |  2.0

Action                   || total
-------------------------++-------
Melee: Unarmed           ||    42
       Kick              ||    12
       Constrict         ||    14
       Tentacles         ||     4
       Punch             ||     1
 Cast: Beastly Appendage ||    11
 Stab: Sleeping          ||     2
Armor: Skin              ||    13
Dodge: Dodged            ||    50

Levels and vault maps discovered:
D:1:      nzn_arrival_depleted_hourglass, layout_rooms, serial_shops, shop,
          ebering_ecumenical_altar_mist, hangedman_decor_slide_cut
D:2:      layout_loops_ring, chequers_arboretum, uniq_natasha
D:3:      layout_basic, chei_slow_surprise, mainiacjoe_overflow_surrounded_room,
          amcnicky_altar_gilded, chequers_serial_rivers_room_a,
          minmay_starry_boxes, uniq_ijyb, uniq_terence, uniq_jessica
D:4:      layout_cave_pods, mainiacjoe_overflow_small_starburst,
          mainiacjoe_overflow_chevrons, corexii_hall_statues_l,
          grunt_decor_arrowhead, uniq_eustachio

Notes
Turn   | Place    | Note
-------+----------+-------------------------------------------
     0 | D:1      | zeratav the Octopode Transmuter began the quest for the
                  | Orb.
     0 | D:1      | Reached XP level 1. HP: 13/13 MP: 3/3
     0 | D:1      | magus.rc [v1.9.6]
    39 | D:1      | Found Neut's Antique Armour Shoppe.
   351 | D:1      | Found a faded altar of an unknown god.
   389 | D:1      | Reached XP level 2. HP: 18/18 MP: 3/5
   406 | D:1      | Reached skill level 1 in Stealth
   621 | D:1      | You pick up a book of Changes and begin reading...
   875 | D:2      | You fall into a shaft and drop 2 floors!
   879 | D:4      | Found a stormy altar of Qazlal.
   884 | D:4      | Noticed an ogre
   901 | D:3      | Reached XP level 3. HP: 23/23 MP: 3/6
   966 | D:2      | Noticed Natasha
   979 | D:2      | HP: 5/23 [poisoned by an adder]
   979 | D:2      | Killed from afar by Natasha

Vanquished Creatures
  2 adders
  A giant cockroach (D:1)
  2 goblins
  4 jackals (D:1)
  2 kobolds
  A quokka (D:1)
  3 bats
  A frilled lizard (D:1)
  2 rats
18 creatures vanquished.

Table legend:
 A = Non-vault XP
 B = Vault XP
 C = Vault XP percentage of total XP
 D = Non-vault monster count
 E = Vault monster count
 F = Vault count percentage of total count
                 A         B        C        D         E       F
            +---------+---------+-------+---------+---------+-------
      Total |      54 |       0 |   0.0 |      18 |       0 |   0.0
            +---------+---------+-------+---------+---------+-------
        D:1 |      20 |       0 |   0.0 |      12 |       0 |   0.0
        D:2 |      16 |       0 |   0.0 |       3 |       0 |   0.0
        D:3 |      18 |       0 |   0.0 |       3 |       0 |   0.0
            +---------+---------+-------+---------+---------+-------

Illustrated notes

Table legend:
 A = Kills in this place as a percentage of kills in entire the game.
 B = Kills by you in this place as a percentage of kills by you in the entire game.
 C = Kills by friends in this place as a percentage of kills by friends in the entire game.
 D = Other kills in this place as a percentage of other kills in the entire game.
 E = Experience gained in this place as a percentage of experience gained in the entire game.
 F = Experience gained in this place divided by the number of levels of this place that you have seen.
                   A       B       C       D       E      F
               +-------+-------+-------+-------+-------+----------------------
         Total | 100.0 | 100.0 |   N/A |   N/A | 100.0 |  13.5
       Dungeon | 100.0 | 100.0 |   N/A |   N/A | 100.0 |  13.5
               +-------+-------+-------+-------+-------+----------------------

Table legend: (Time is in decaauts)
 A = Elapsed time spent in this place.
 B = Non-inter-level travel time spent in this place.
 C = Inter-level travel time spent in this place.
 D = Time resting spent in this place.
 E = Time spent auto-exploring this place.
 F = Levels seen in this place.
 G = Mean time per level.
                   A        B        C        D        E       F      G
               +--------+--------+--------+--------+--------+-----+--------+
         Total |    976 |    915 |     61 |    210 |    553 |   4 |  244.0 |
       Dungeon |    976 |    915 |     61 |    210 |    553 |   4 |  244.0 |
               +--------+--------+--------+--------+--------+-----+--------+

Top non-repeatable levels by time:
     D:1: 834 daAuts
     D:3: 74 daAuts
     D:2: 57 daAuts
     D:4: 10 daAuts
